 Dungeon Crawl Stone Soup version 0.14-a0-40-g75911bd (webtiles) character file.

1453 Sachiko the Grappler (level 8, -11/75 HPs)
             Began as a Troll Monk on Sept 28, 2013.
             Mangled by a gnoll
             ... wielding a +2,+1 halberd
              (16 damage)
             ... on Level 5 of the Dungeon.
             The game lasted 00:17:10 (3974 turns).

Sachiko the Grappler (Troll Monk)                   Turns: 3974, Time: 00:17:11

HP -11/75        AC  5     Str 20      XL: 8   Next: 17%
MP   2/2         EV 12     Int  8      God:
Gold 287         SH  0     Dex 12      Spells:  0 memorised,  7 levels left

Res.Fire  : . . .   See Invis. : .     - Unarmed
Res.Cold  : . . .   Warding    : .   a - +0 robe (curse)
Life Prot.: . . .   Conserve   : .   (shield restricted)
Res.Poison: .       Res.Corr.  : .   (helmet restricted)
Res.Elec. : .       Clarity    : .   (no cloak)
Sust.Abil.: . .     Spirit.Shd : .   (gloves unavailable)
Res.Mut.  : .       Stasis     : .   (boots unavailable)
Res.Rott. : .       Flight     : .   (no amulet)
Gourmand  : +                        (no ring)
                                     (no ring)

@: slightly resistant to hostile enchantments, unstealthy
A: unfitting armour, claws 3, fast metabolism 3, gourmand, regeneration 2,
saprovore 2, tough skin 2, AC +1
a: no special abilities


You were on level 5 of the Dungeon.
You were completely stuffed.

You visited 1 branch of the dungeon, and saw 5 of its levels.

You collected 287 gold pieces.

Inventory:

Armour
 a - a cursed +0 robe (worn)
Comestibles
 b - 4 meat rations
 g - an apple
 h - 2 chunks of hobgoblin flesh
 i - a sausage
 j - 3 bread rations
Scrolls
 d - a scroll of amnesia {unknown}
 e - 3 scrolls of fog
 f - 2 scrolls of teleportation
 k - 6 scrolls of identify
Potions
 c - a potion of slowing


   Skills:
 + Level 3.8 Fighting
 + Level 5.1 Dodging
 - Level 1.1 Stealth
 * Level 8.3 Unarmed Combat


You had 7 spell levels left.
You didn't know any spells.

Dungeon Overview and Level Annotations

Branches:
Dungeon (5/27)
 Temple: D:4-7

Altars:
Vehumet

Shops:
D:4 (


Innate Abilities, Weirdness & Mutations

You are too large for most types of armour.
You have claws for hands.
Your metabolism is lightning-fast.
You like to eat raw meat.
You heal very quickly.
You can eat rotten meat.
You are covered in fur (AC +1).
You have very tough skin (AC +2).


Message History

The gnoll hits you from afar with a halberd!
The gnoll hits you with a halberd!
Things that are here:
a spear; a gnoll corpse You hit the gnoll.
The gnoll begins to bleed from its wounds!
The gnoll is severely wounded.
The gnoll hits you from afar with a halberd.
You claw the gnoll!
You kill the gnoll!
The gnoll shaman calls upon its god to speed up the gnoll.
The gnoll seems to speed up.
The gnoll hits you from afar with a halberd!
* * * LOW HITPOINT WARNING * * *
You see here a halberd.
The gnoll hits you from afar with a halberd!
* * * LOW HITPOINT WARNING * * *
You see here a throwing net.
The gnoll hits you from afar with a halberd!
You die...

##...####.....
##....%#...g...
#...)..).....#
###..)#.(....###
##...g.##...###
##......######
###...g.###
#....(### #...@##
#...### #.....##
##.....## #####
#......## ##...##
####%...######.....#
##.....##.......<
##....##....#...
##.[.#.....#...


You could see a gnoll shaman and a gnoll.

Vanquished Creatures
  Grinder (D:5)
  Eustachio (D:5)
  An ice beast (D:5)
  A phantom (D:4)
  A sky beast (D:5)
  A goliath beetle (D:4)
  A scorpion (D:4)
  A jelly (D:5)
  3 hounds
  An orc priest (D:3)
  An iguana (D:4)
  2 orc wizards (D:4)
  6 gnolls
  7 adders
  2 giant mites
  A worm (D:4)
  4 giant geckos
  12 orcs
  15 bats
  7 giant cockroaches
  6 goblins
  7 hobgoblins
  13 jackals
  3 quokkas
  4 giant newts
  A goblin skeleton (D:4)
  A goblin zombie (D:5)
  5 kobolds
  12 rats
  3 toadstools (D:1)
124 creatures vanquished.

Vanquished Creatures (others)
  A toadstool (D:1)
1 creature vanquished.

Grand Total: 125 creatures vanquished

Notes
Turn   | Place    | Note
--------------------------------------------------------------
     0 | D:1      | Sachiko, the Troll Monk, began the quest for the Orb.
     0 | D:1      | Reached XP level 1. HP: 20/20 MP: 0/0
   119 | D:1      | Reached XP level 2. HP: 26/28 MP: 0/0
   779 | D:2      | Reached XP level 3. HP: 35/35 MP: 1/1
  1178 | D:2      | Reached XP level 4. HP: 37/44 MP: 1/1
  1550 | D:4      | Noticed a phantom
  1574 | D:4      | Killed a phantom
  1574 | D:4      | Reached skill level 5 in Unarmed Combat
  1574 | D:4      | Reached XP level 5. HP: 30/50 MP: 1/1
  1923 | D:3      | Reached XP level 6. HP: 53/59 MP: 2/2
  2314 | D:3      | Reached skill level 6 in Unarmed Combat
  3008 | D:4      | Found a radiant altar of Vehumet.
  3276 | D:4      | Found Izxei's Weapon Emporium.
  3439 | D:5      | Entered Level 5 of the Dungeon
  3445 | D:5      | Reached XP level 7. HP: 59/66 MP: 2/2
  3481 | D:5      | Noticed Eustachio
  3491 | D:5      | Killed Eustachio
  3491 | D:5      | Reached skill level 7 in Unarmed Combat
  3521 | D:5      | Noticed Grinder
  3546 | D:5      | Killed Grinder
  3677 | D:5      | Reached skill level 8 in Unarmed Combat
  3677 | D:5      | Reached XP level 8. HP: 52/75 MP: 2/2
  3902 | D:5      | Reached skill level 5 in Dodging
  3974 | D:5      | Mangled by a gnoll

Action                   |  1- 3 |  4- 6 |  7- 9 || total
-------------------------+-------+-------+-------++-------
Melee: Unarmed           |   133 |   188 |    57 ||   378
  Use: Potion            |     2 |     1 |     3 ||     6
       Scroll            |     8 |     7 |       ||    15
 Stab: Sleeping          |     1 |     1 |     1 ||     3
